 Dungeon Crawl Stone Soup version 0.30-a0-928-g7f6bbad527 (webtiles) character file.

Game seed: 11358531736660453948

320 Morbidden the Conjurer (level 6, 0/64 HPs)
             Began as a Demonspawn Conjurer on Mar 23, 2023.
             Killed from afar by Grinder (18 damage)
             ... with a bolt of dispelling energy
             ... on level 4 of the Dungeon.
             The game lasted 00:03:02 (2357 turns).

Morbidden the Conjurer (Demonspawn Conjurer)        Turns: 2357, Time: 00:03:02

Health: 0/64       AC:  2    Str:  7    XL:     6   Next: 22%
Magic:  19/19      EV: 12    Int: 21    God:
Gold:   138        SH:  0    Dex: 12    Spells: 4/11 levels left

rFire   . . .      SeeInvis .      - Unarmed
rCold   + . .      Faith    .    (no shield)
rNeg    . . .      Spirit   .    a - +0 robe
rPois   .          Reflect  .    (no helmet)
rElec   .          Rampage  .    (no cloak)
rCorr   .                        (no gloves)
Will    .....                    (no boots) Stlth
                                 u - amulet of magic regeneration
HPRegen 0.30/turn                c - ring of magical power
MPRegen 0.56/turn                o - ring of protection from cold

@: berserking, very quick
A: claws 1, powered by pain 1
a: no special abilities


You were on level 4 of the Dungeon.
You visited 1 branch of the dungeon, and saw 6 of its levels.

You collected 138 gold pieces.

Inventory:

Missiles
 g - 20 poisoned darts
Armour
 a - a +0 robe (worn)
Jewellery
 c - a ring of magical power (left claw)
 m - a ring of see invisible
 o - a ring of protection from cold (right claw)
 u - an amulet of magic regeneration (around neck)
 y - an amulet of faith
 z - a +6 ring of dexterity
Scrolls
 f - 2 scrolls of butterflies {unknown}
 i - 2 scrolls of poison {unknown}
 j - 3 scrolls of vulnerability {unknown}
 l - a scroll of fear {unknown}
 n - a scroll of fog {unknown}
 p - a scroll of amnesia {unknown}
 r - 3 scrolls of identify {unknown}
 t - a scroll of teleportation {unknown}
 w - a scroll of noise {unknown}
 x - a scroll of blinking {unknown}
 B - a scroll of enchant armour {unknown}
Potions
 b - a potion of magic
 d - a potion of might
 e - a potion of heal wounds {unknown}
 h - a potion of attraction
 k - a potion of degeneration {unknown}
 q - a potion of berserk rage
 s - 2 potions of invisibility {unknown}
 v - a potion of mutation {unknown}
 A - a potion of curing {unknown}


   Skills:
 * Level 1.6 Fighting
 * Level 1.5 Armour
 * Level 2.4 Dodging
 + Level 2.1 Stealth
 * Level 1.4 Unarmed Combat
 * Level 3.2 Spellcasting
 + Level 5.2 Conjurations
 * Level 1.2 Translocations


You had 4 spell levels left.
You knew the following spells:

 Your Spells              Type           Power      Damage    Failure   Level
a - Magic Dart            Conj           100%       1d8       1%          1
b - Searing Ray           Conj           50%        2d6       2%          2
z - Iskenderun's Mystic   Conj/Tloc      16%        2d5       34%         4

Your spell library contained the following spells:

 Spells                   Type           Power      Damage    Failure   Level
 Necrotise                Necr           12%        1d4       13%         1
 Dazzling Flash           Conj/Hex       28%        N/A       13%         3
 Vampiric Draining        Necr           3%         2d6       36%         3
 Fulminant Prism          Conj/Hex       7%         3d6       41%         4
 Agony                    Necr           3%         N/A       98%         5


Dungeon Overview and Level Annotations

Branches:
Dungeon (6/15)
 Temple: D:4-7

Altars:
Ashenzari
Ru

Portals:
Abyss: D:4

Annotations:
D:4 2 transporters, Grinder; MacCMillion's ghost, novice MiFi


Innate Abilities, Weirdness & Mutations

You have sharp fingernails.
You sometimes gain a little power by taking damage.


Message History

Okay, then.
It was a potion of attraction.
You feel attractive to monsters.
Unknown command.
Unknown command.
You start resting.
Grinder is nearby!
Okay, then.
It was a potion of berserk rage.
A red film seems to cover your vision as you go berserk!
You feel yourself moving faster!
You feel mighty! Grinder barely misses you.
Unknown command.
Unknown command.
You are too berserk!
Unknown command.
Unknown command.
You are too injured to fight recklessly!
You closely miss Grinder.
Grinder is heavily wounded.
You scratch Grinder.
Grinder is heavily wounded.
Grinder gestures at you.
You suddenly lose the ability to move!
Grinder gestures at you.
You shrug off the repeated paralysis!
Grinder says, "Make like a tree!"
Grinder hits you.
Grinder zaps a wand.
The bolt of dispelling energy hits you!
Your magical effects are unravelling.
* * * LOW HITPOINT WARNING * * *
You feel less attractive to monsters.
You can move again.
You barely miss Grinder.
Grinder is heavily wounded.
You feel a little less mighty now.
You claw Grinder!
Grinder is severely wounded.
Grinder zaps a wand.
The bolt of dispelling energy hits you!!
You die...

.......#
.......## #..#
........### ...#
..........###
##...#
.......##...###
.....#
......####....###
....# ......#
###....##....##
......#
##..........#
.....#
###.@......#.
..... ###5.......
.... #.........
...............#
...5....####...#
......### #.##
...... ... ......
.. .....


You could see Grinder.

Vanquished Creatures
  A water moccasin (D:5)
  A jelly (D:4)
  An orc wizard (D:4)
  5 adders
  4 gnolls (D:4)
  An ufetubus (D:5)
  A worm (D:2)
  2 dart slugs
  4 orcs
  7 ball pythons
  3 bats
  4 endoplasms
  A giant cockroach (D:2)
  5 goblins
  3 hobgoblins
  11 kobolds
  3 frilled lizards
  4 rats
61 creatures vanquished.

Notes
Turn   | Place    | Note
-------+----------+-------------------------------------------
     0 | D:1      | Morbidden the Demonspawn Conjurer began the quest for the
                  | Orb.
     0 | D:1      | Reached XP level 1. HP: 13/13 MP: 3/3
   385 | D:1      | Gained mutation: You have sharp fingernails. [demonic
                  | ancestry]
   385 | D:1      | Reached XP level 2. HP: 19/19 MP: 5/5
   403 | D:1      | Learned a level 2 spell: Searing Ray
   622 | D:2      | Identified the +2 dagger "Vegoecot" {vamp, *Noise Int+3
                  | SInv}
   722 | D:2      | Found a broken altar of Ashenzari.
   940 | D:2      | Gained mutation: You sometimes gain a little power by
                  | taking damage. [demonic ancestry]
   940 | D:2      | Reached XP level 3. HP: 25/25 MP: 6/6
  1177 | D:2      | Reached skill level 1 in Armour
  1387 | D:3      | Reached XP level 4. HP: 31/31 MP: 7/7
  1490 | D:3      | Reached skill level 1 in Fighting
  1531 | D:3      | Learned a level 4 spell: Iskenderun's Mystic Blast
  1704 | D:3      | You fall into a shaft and drop 3 floors!
  1721 | D:5      | Entered Level 5 of the Dungeon
  1800 | D:5      | Noticed a water moccasin
  1806 | D:5      | Killed a water moccasin
  1807 | D:5      | Reached skill level 1 in Unarmed Combat
  1807 | D:5      | Reached skill level 5 in Conjurations
  1807 | D:5      | Reached XP level 5. HP: 37/37 MP: 9/9
  1982 | D:4      | Found a transporter.
  1984 | D:4      | Found a one-way gate to the infinite horrors of the Abyss.
  1984 | D:4      | Noticed MacCMillion's ghost (novice MiFi)
  1987 | D:4      | Noticed a toenail golem
  1989 | D:4      | Found a transporter.
  1990 | D:4      | Noticed a small abomination
  2072 | D:4      | Reached XP level 6. HP: 40/43 MP: 8/10
  2215 | D:4      | Found a sacrificial altar of Ru.
  2287 | D:4      | Reached skill level 1 in Translocations
  2339 | D:4      | Noticed Grinder
  2352 | D:4      | Paralysed by Grinder for 3 turns
  2357 | D:4      | Killed from afar by Grinder

Illustrated notes

Levels and vault maps discovered:
D:1:      mrwooster_arrival_statue_2, layout_rooms, hangedman_decor_lopped
D:2:      layout_basic, basic_altar, minmay_tetromino_l4
D:3:      layout_basic, lemuel_coloured_pillars_altar
D:4:      layout_cave_pods, cheibriados_altar_1, mainiacjoe_overflow_alcove_2,
          minmay_temple_entry_glassed_door, gammafunk_ghost_abyssal_escape,
          minmay_hollow_rounded_squares, uniq_eustachio, uniq_natasha,
          uniq_grinder
D:5:      layout_loops_ring, kennysheep_nondescript
D:6:      layout_cave_pods, minivault_10

Skill      XL: |  1  2  3  4  5  6 |
---------------+-------------------+-----
Dodging        | 2 |  2.4
Armour         | 1 |  1.5
Fighting       | 1 |  1.6
Stealth        | 2 |  2.1
Unarmed Combat | 1 |  1.4
Conjurations   | 5 |  5.2
Spellcasting   | 3 |  3.2
Translocations | 1 |  1.2

Action                     |  1- 3 |  4- 6 || total
---------------------------+-------+-------++-------
  Melee: Unarmed           |       |     4 ||     4
   Cast: Magic Dart        |    59 |    58 ||   117
         Searing Ray       |     3 |     6 ||     9
    Use: Potion            |       |     3 ||     3
 Armour: Robe              |     1 |     1 ||     2
  Dodge: Dodged            |    10 |    12 ||    22

Table legend: (Time is in decaauts)
 A = Elapsed time spent in this place.
 B = Non-inter-level travel time spent in this place.
 C = Inter-level travel time spent in this place.
 D = Time resting spent in this place.
 E = Time spent auto-exploring this place.
 F = Levels seen in this place.
 G = Mean time per level.
                   A        B        C        D        E       F      G
               +--------+--------+--------+--------+--------+-----+--------+
         Total |   2352 |   2312 |     40 |    119 |   1837 |   6 |  392.0 |
       Dungeon |   2352 |   2312 |     40 |    119 |   1837 |   6 |  392.0 |
               +--------+--------+--------+--------+--------+-----+--------+

Top non-repeatable levels by time:
     D:2: 707 daAuts
     D:1: 621 daAuts
     D:4: 414 daAuts
     D:3: 372 daAuts
     D:5: 219 daAuts
     D:6: 16 daAuts
